 Dungeon Crawl Stone Soup version 0.17-a0-2198-g482c6e3 (webtiles) character file.

75 Ordine the Magician (level 4, -3/24 HPs)
             Began as a Deep Elf Wizard on Oct 26, 2015.
             Slain by a gnoll
             ... wielding a +0 spear
              (4 damage)
             ... on level 1 of the Dungeon.
             The game lasted 00:06:30 (1325 turns).

Ordine the Magician (Deep Elf Wizard)               Turns: 1325, Time: 00:06:30

Health: -3/24      AC:  3    Str:  4    XL:     4   Next: 11%
Magic:  11/13      EV: 12    Int: 24    God:
Gold:   72         SH:  0    Dex: 13    Spells: 5 memorised, 2 levels left

rFire  . . .     SeeInvis .     e - +1 dagger
rCold  . . .     Clarity  .     a - +0 robe
rNeg   . . .     SustAt   .     (no shield)
rPois  .         Gourm    .     h - +0 helmet
rElec  .         Spirit   .     (no cloak)
rCorr  .         Warding  .     (no gloves)
rMut   .         Stasis   .     (no boots)
MR     .....                    (no amulet)
Stlth  ++........               (no ring)
                                (no ring)

@: repel missiles, not resistant to hostile enchantments, unstealthy
A: no striking features
a: no special abilities


You were on level 1 of the Dungeon.
You were not hungry.

You visited 1 branch of the dungeon, and saw 2 of its levels.

You collected 72 gold pieces.

Inventory:

Hand Weapons
 e - a +1 dagger (weapon)
Armour
 a - a +0 robe (worn)
 h - a +0 helmet (worn)
Jewellery
 b - a +6 ring of intelligence
Potions
 l - a potion of magic
Books
 c - a book of Minor Magic

   Spells                             Type                      Level
   a - Magic Dart                     Conjuration                  1
   b - Blink                          Translocation                2
   c - Call Imp                       Summoning                    2
   d - Repel Missiles                 Charms/Air                   2
   e - Slow                           Hexes                        2
   f - Conjure Flame                  Conjuration/Fire             3
   g - Mephitic Cloud                 Conjuration/Poison/Air       3
Comestibles
 d - 2 bread rations
 k - a chunk of flesh


   Skills:
 - Level 2.4 Dodging
 - Level 2.4 Stealth
 + Level 5.2 Spellcasting
 * Level 3.7 Conjurations
   Level 1.1 Summonings
 - Level 1.1 Translocations


You had 2 spell levels left.
You knew the following spells:

 Your Spells              Type           Power        Failure   Level  Hunger
a - Magic Dart            Conj           ###.         1%          1    None
b - Repel Missiles        Chrm/Air       #.....       14%         2    None
c - Blink                 Tloc           N/A          12%         2    None
d - Conjure Flame         Conj/Fire      ###.....     14%         3    ##.....
e - Mephitic Cloud        Conj/Pois/Air  ##......     17%         3    ##.....


Dungeon Overview and Level Annotations

Branches:
Dungeon (2/15)

Altars:


Message History

* * * LOW HITPOINT WARNING * * *
You climb upwards.
There is a stone staircase leading down here.
Casting: Magic Dart
Confirm with . or Enter, or press ? or * to list all spells.
Aiming: Magic Dart
Press: ? - help, Shift-Dir - straight line, f - gnoll
Aim: a gnoll, wielding a spear
Okay, then.
Drink which item? (? for menu, Esc to quit)
Okay, then.
The gnoll barely misses you.
Casting: Magic Dart
Confirm with . or Enter, or press ? or * to list all spells.
You are already protected from missiles.
Casting: Repel Missiles
Confirm with . or Enter, or press ? or * to list all spells.
You blink.
The gnoll hits you from afar with a spear.
You die...

..........#.........#........###.
#.........#...................##.
#.#†.#######..#..##....)........#
#.#...# ####.....###..#)........#
....#.# #.....#..###..##..)....##
#...#.###.....#.#.....#.....(####
#.#.#...........#g##..#.......# #
#.#.###...........g§..........# #
..#.###.........@.!..#.(......##
###..##.........###..#.........##
####.................###..[.##...
#...............#...........#####
#....#.##.......#.##...........#
.(...#.##...##..(.####........[##
.....#.##.###...### #.........>#
#..###.##.#.......# ####...###..
#..# #.##.#.......# ##### ###


You could see 2 gnolls.

Vanquished Creatures
  An adder (D:1)
  2 gnolls (D:2)
  An ooze (D:2)
  5 giant cockroaches (D:1)
  6 goblins
  4 hobgoblins (D:1)
  6 jackals (D:1)
  2 kobolds (D:1)
  A ball python (D:1)
  2 bats
  A giant gecko (D:1)
  5 giant newts (D:1)
  9 rats
45 creatures vanquished.

Notes
Turn   | Place    | Note
--------------------------------------------------------------
     0 | D:1      | Ordine the Deep Elf Wizard began the quest for the Orb.
     0 | D:1      | Reached XP level 1. HP: 10/10 MP: 7/7
   122 | D:1      | Reached XP level 2. HP: 15/15 MP: 0/9
   247 | D:1      | Learned a level 2 spell: Repel Missiles
   250 | D:1      | Learned a level 2 spell: Blink
   781 | D:1      | Reached skill level 5 in Spellcasting
   781 | D:1      | Reached XP level 3. HP: 19/19 MP: 3/11
  1181 | D:2      | Learned a level 3 spell: Conjure Flame
  1185 | D:2      | Learned a level 3 spell: Mephitic Cloud
  1207 | D:2      | Reached XP level 4. HP: 24/24 MP: 3/13
  1322 | D:2      | HP: 1/24 [gnoll/club (1)]
  1325 | D:1      | Slain by a gnoll

Vault maps used:
D:1:      dpeg_arrival_ratfight, st_stairs_3
D:2:      lemuel_crystal_altar

Action                   |  1- 3 |  4- 6 || total
-------------------------+-------+-------++-------
Melee: Dagger            |    10 |       ||    10
 Cast: Magic Dart        |    92 |     5 ||    97
       Repel Missiles    |     1 |       ||     1
       Blink             |       |     1 ||     1
  Use: Scroll            |     6 |       ||     6
  Eat: Chunk             |     1 |       ||     1
